 Dungeon Crawl Stone Soup version 0.19.3-4-gbf9329e (webtiles) character file.

161 Jerry the Ducker (level 4, 0/36 HPs)
             Began as a Demigod Gladiator on Jan 27, 2017.
             Slain by an orc
             ... wielding a +0 whip
              (6 damage)
             ... on level 3 of the Dungeon.
             The game lasted 00:03:29 (2871 turns).

Jerry the Ducker (Demigod Gladiator)                Turns: 2871, Time: 00:03:30

Health: 0/36       AC:  5    Str: 18    XL:     4   Next: 98%
Magic:  6/6        EV: 14    Int: 12    God:
Gold:   112        SH:  0    Dex: 18    Spells: 0 memorised, 3 levels left

rFire  . . .     SeeInvis .     a - +0 long sword
rCold  . . .     Gourm    .     b - +0 leather armour
rNeg   . . .     Faith    .     (no shield)
rPois  .         Spirit   .     c - +0 helmet
rElec  .         Reflect  .     w - +0 cloak
rCorr  +         Harm     .     (no gloves)
MR     .....                    (no boots)
Stlth  +.........               (no amulet)
                                (no ring)
                                r - ring of resist corrosion

@: no status effects
A: high mp 1
a: no special abilities


You were on level 3 of the Dungeon.
You were not hungry.

You visited 1 branch of the dungeon, and saw 3 of its levels.

You collected 112 gold pieces.

Inventory:

Hand Weapons
 a - a +0 long sword (weapon)
Missiles
 d - 4 throwing nets (quivered)
Armour
 b - a +0 leather armour (worn)
 c - a +0 helmet (worn)
 w - a +0 cloak (worn)
Jewellery
 r - a ring of resist corrosion (left hand)
Scrolls
 e - 2 scrolls of fog {unknown}
 i - 2 scrolls of amnesia {unknown}
 k - 2 scrolls of remove curse {unknown}
 l - a scroll of immolation {unknown}
 p - 2 scrolls of enchant weapon {unknown}
 q - a scroll of enchant armour {unknown}
 u - a scroll of blinking {unknown}
Potions
 g - a potion of agility {unknown}
 h - 2 potions of lignification {unknown}
 j - 2 potions of curing {unknown}
 n - 2 potions of might {unknown}
 s - a potion of magic {unknown}
 v - 2 potions of heal wounds {unknown}
 x - a potion of haste {unknown}
Comestibles
 f - a bread ration
 m - a beef jerky
 o - 3 slices of pizza
 t - 3 fruits
 z - 3 chunks of flesh


   Skills:
 - Level 1.7 Fighting
 + Level 3.6 Long Blades
 - Level 1.7 Throwing
 + Level 2.4 Armour
 + Level 3.9 Dodging


You had 3 spell levels left.
You didn't know any spells.

Dungeon Overview and Level Annotations

Branches:
Dungeon (3/15)


Innate Abilities, Weirdness & Mutations

You have an increased reservoir of magic. (+10% MP)


Message History

You barely miss the orc. The orc hits you with a whip.
The orc barely misses you. x2; You riposte.
You hit the orc.
The orc is moderately wounded.
You barely miss the orc.
The orc is moderately wounded.
The orc closely misses you. The orc hits you with a whip.
* * * LOW HITPOINT WARNING * * *
You are too injured to fight recklessly!
You are too injured to fight recklessly!
You are too injured to fight recklessly!
Okay, then.
You barely miss the orc.
The orc is moderately wounded.
The orc completely misses you. The orc hits you with a whip.
* * * LOW HITPOINT WARNING * * *
You hit the orc but do no damage.
The orc is moderately wounded.
The orc hits you with a whip.
You die...

######'###### #...##.#.##
#.#...
..####)########...##.#..#
#.#...
..#.........o[.......####
###...
..#....########...####
##.. ..#....# #...# ###
###†...## #...# ........#
#.o.# ........#
###oo.###### ####
........# #...@......#
#... ........#
###..........# #...
.[......# #............#
#... ........#
#............# ... #...
######### #...###......#
... #... ....# #...#
######## ... #... ....#
##### #.....# #.# #...
....##############.....#
#.# #...
###....................#
#.# ####


You could see 3 orcs.

Vanquished Creatures
  Jessica (D:3)
  Natasha (D:2)
  4 adders
  2 oozes (D:2)
  3 worms
  A leopard gecko (D:3)
  4 orcs (D:3)
  2 giant cockroaches
  9 goblins
  4 hobgoblins
  4 jackals (D:3)
  6 kobolds
  A quokka (D:2)
  4 bats
  4 frilled lizards
  4 rats
54 creatures vanquished.

Notes
Turn   | Place    | Note
-------+----------+-------------------------------------------
     0 | D:1      | Jerry the Demigod Gladiator began the quest for the Orb.
     0 | D:1      | Reached XP level 1. HP: 17/17 MP: 3/3
     3 | D:1      | Noticed an electric eel
     3 | D:1      | Noticed an electric eel
   597 | D:2      | Reached XP level 2. HP: 18/24 MP: 4/4
   851 | D:2      | Reached skill level 1 in Armour
  1078 | D:2      | Reached XP level 3. HP: 20/29 MP: 5/5
  1459 | D:2      | Noticed Natasha
  1477 | D:2      | Killed Natasha
  1485 | D:2      | Reached XP level 4. HP: 5/36 MP: 6/6
  2160 | D:3      | Noticed Jessica
  2165 | D:3      | Killed Jessica
  2871 | D:3      | Slain by an orc

Skill      XL: |  1  2  3  4 |
---------------+-------------+-----
Dodging        | 3 |  3.9
Long Blades    | 3 |  3.6
Armour         | 1 2 |  2.4
Fighting       | |  1.7
Throwing       | |  1.7

Action                   |  1- 3 |  4- 6 || total
-------------------------+-------+-------++-------
Melee: Long sword        |    84 |    72 ||   156
 Stab: Sleeping          |     2 |     1 ||     3
  Eat: Chunk             |     2 |     4 ||     6
Armor: Leather armour    |    20 |    16 ||    36
Dodge: Dodged            |    70 |    76 ||   146
       Rpst.: Long sword |    25 |    26 ||    51
